 Dungeon Crawl Stone Soup version 0.31-a0-1272-g9f703e4c1d (webtiles) character file.

Game seed: 11914216537858523398

29187 Bnni the Marksspriggan (level 13, -5/70 HPs)
             Began as a Spriggan Hunter on Dec 17, 2023.
             Was a Priest of Fedhas.
             Shot with an arrow by a centaur warrior (13 damage)
             ... on level 14 of the Dungeon.
             The game lasted 00:43:09 (14373 turns).

Bnni the Marksspriggan (Spriggan Hunter)           Turns: 14373, Time: 00:43:09

Health: -5/70      AC:  3    Str:  7    XL:     13   Next: 13%
Magic:  0/19       EV: 31    Int: 11    God:    Fedhas [***...]
Gold:   681        SH:  0    Dex: 23    Spells: 12/12 levels left

rFire   + . .        F - +0 orcbow
rCold   . . .        (shield currently unavailable)
rNeg    . . .        c - +0 robe
rPois   .            (helmet restricted)
rElec   .            p - +0 cloak
rCorr   .            (gloves unavailable)
SInv    +            (boots unavailable)
Will    ++...        U - amulet of guardian spirit
Stlth   ++           x - +4 ring of slaying
HPRegen 0.31/turn    g - ring of protection from fire
MPRegen 0.16/turn

%: guardian spirit
@: studying Unarmed Combat, very quick
A: very small, no large weapons, unfitting armour, see invisible, speed 3
a: Renounce Religion, Wall of Briars, Grow Ballistomycete


You were on level 14 of the Dungeon.
You worshipped Fedhas.
Fedhas was most pleased with you.
You visited 2 branches of the dungeon, and saw 15 of its levels.
You also visited: Bailey and Gauntlet.

You collected 918 gold pieces.
You spent 237 gold pieces at shops.

Inventory:

Hand Weapons
 e - a +0 arbalest
 h - a +3 dagger of speed
 F - a +0 orcbow (weapon)
 J - a +2 dagger of venom
Missiles
 M - a curare-tipped dart
 T - 2 darts of dispersal
Armour
 c - a +0 robe (worn)
 p - a +0 cloak (worn)
 G - the +5 robe of Night {Dark Will+ SInv}
   (You found it in a bailey)

   Dark:      It shrouds the wearer in darkness, reducing the range at which
   they can see and be seen by others.
   Will+:     It increases your willpower.
   SInv:      It lets you see invisible.
 P - a +2 buckler
Jewellery
 a - a ring of protection from cold
 d - a ring of fire
 g - a ring of protection from fire (right hand)
 s - a ring of resist corrosion
 v - a +4 ring of protection
 x - a +4 ring of slaying (left hand)
 y - a ring of protection from cold
 L - the ring "Caosk" {rN+ Str+2 Dex+6}
   (You took it off a minotaur in a Gauntlet)

   [ring of dexterity]

   Str+2:     It affects your strength (+2).
   Dex+6:     It affects your dexterity (+6).
   rN+:       It protects you from negative energy.
 U - an amulet of guardian spirit (around neck)
 W - the ring "Usedai" {rPois MP+9 Dex+2}
   (You found it in a Gauntlet)

   [ring of magical power]

   Dex+2:     It affects your dexterity (+2).
   rPois:     It protects you from poison MP+9: It affects your magic capacity
   (+9).
Wands
 A - a wand of paralysis (6)
 I - a wand of acid (15)
 X - a wand of flame (2)
 Y - a wand of mindburst (11)
Scrolls
 b - a scroll of butterflies
 f - 3 scrolls of noise {unknown}
 i - a scroll of fear {unknown}
 k - 3 scrolls of poison
 l - 2 scrolls of silence
 o - 3 scrolls of blinking
 r - 2 scrolls of fog
 u - a scroll of brand weapon
 B - 2 scrolls of immolation
 C - a scroll of enchant weapon
 D - 5 scrolls of amnesia {unknown}
 N - a scroll of teleportation
 Q - a scroll of vulnerability {unknown}
 R - a scroll of revelation {unknown}
Potions
 j - a potion of haste
 m - 3 potions of lignification
 n - 2 potions of magic
 q - 5 potions of enlightenment
 t - a potion of cancellation
 w - 3 potions of attraction
 z - a potion of resistance {unknown}
 E - 2 potions of curing
 K - a potion of brilliance {unknown}
 O - a potion of might
 S - a potion of heal wounds {unknown}
 Z - a potion of berserk rage {unknown}


   Skills:
 + Level 9.2 Fighting
 * Level 15.4 Ranged Weapons
 + Level 14.0 Dodging
 - Level 1.5 Stealth
 + Level 7.7 Invocations


You had 12 spell levels left.
You didn't know any spells.
Your spell library contained the following spells:

 Spells                   Type           Power      Damage    Failure   Level
 Cigotuvi's Dreadful Rot  Necr/Pois/Air  0%         N/A       47%         2
 Ignite Poison            Fire/Tmut/Pois 0%         N/A       71%         3
 Inner Flame              Hex/Fire       0%         N/A       71%         3
 Dispel Undead            Necr           0%         3d6       98%         4
 Flame Wave               Conj/Fire      0%         2d4       98%         4
 Sticky Flame             Conj/Fire      0%         2d3       98%         4
 Freezing Cloud           Conj/Ice/Air   0%         6-21      100%        5
 Death Channel            Necr           0%         N/A       100%        6


Dungeon Overview and Level Annotations

Branches:
Dungeon (14/15)            Temple (1/1) D:5            Lair (0/5) D:11
    Orc (0/2) D:12         Bailey (visited)         Gauntlet (visited)
 Vaults: D:13-14

Altars:
Ashenzari
Cheibriados
Dithmenos
Elyvilon
Fedhas
Gozag
Hepliaklqana
Kikubaaqudgha
Makhleb
Nemelex Xobeh
Okawaru
Qazlal
Ru
Sif Muna
Trog
Uskayaw
Vehumet
Wu Jian
Xom
Yredelemnul
Zin
The Shining One

Shops:
D:1 *   D:3 (   D:5 *   D:8 ?   D:9 (   D:10 [


Innate Abilities, Weirdness & Mutations

You are very small and have problems with some larger weapons.
You are too small for most types of armour.
You have supernaturally acute eyesight. (SInv)
You cover ground extremely quickly. (Speed+++)


Message History

Fedhas accepts your kill.
No target in view!
A centaur warrior comes into view.
You shoot an arrow. The arrow hits the centaur warrior!!
The centaur warrior is heavily wounded.
The centaur warrior wields a +0 orcbow.
The centaur warrior shoots an arrow.
The arrow completely misses you.
You shoot an arrow. The arrow hits the centaur warrior!
The centaur warrior is heavily wounded.
The centaur warrior shoots an arrow.
The arrow hits you!!
You shoot an arrow. The arrow hits the centaur warrior!
The centaur warrior is almost dead.
The centaur warrior shoots an arrow.
The arrow completely misses you.
You shoot an arrow.
The arrow barely misses the centaur warrior.
The centaur warrior shoots an arrow.
The arrow hits you!!
You are too injured to fight recklessly!
You are too injured to fight recklessly!
You are too injured to fight recklessly!
You are too injured to fight recklessly!
Unknown command.
Fire: F) +0 orcbow
Press: ? - help, Shift-Dir - straight line, f/p - centaur warrior
Aim: a centaur warrior, wielding a +0 orcbow (almost dead, 77% to hit)
You shoot an arrow. The arrow hits the centaur warrior.
The centaur warrior is almost dead.
The centaur warrior shoots an arrow.
The arrow hits you!
* * * LOW HITPOINT WARNING * * *
Fire: F) +0 orcbow
Press: ? - help, Shift-Dir - straight line, f/p - centaur warrior
Aim: a centaur warrior, wielding a +0 orcbow (almost dead, 77% to hit)
The centaur warrior shoots an arrow.
The arrow hits you!
* * * LOW HITPOINT WARNING * * *
You feel better.
The centaur warrior shoots an arrow.
The arrow completely misses you.
The centaur warrior shoots an arrow.
The arrow hits you!!
* * * LOW HITPOINT WARNING * * *
You feel better.
The centaur warrior shoots an arrow.
The arrow hits you!
You die...
Fedhas appreciates your contribution to the ecosystem.

........# ........#
........#
........####
....)......
.........# #..# #..#
#############@.#####
...................#
......)......c.....#
#######.############
#.# #<# #.# #.# ...


You could see a centaur warrior.

Vanquished Creatures
  A minotaur (Gauntlet)
  2 centaur warriors
  2 hydras (D:13)
  3 death yaks (D:11)
  A tengu warrior (D:13)
  2 two-headed ogres
  The ghost of jotaen the Spear-Bearer, a novice MiFi of Okawaru (D:8)
  6 deep elf pyromancers (D:11)
  2 ugly things (D:13)
  2 deep elf zephyrmancers
  3 cyclopes
  3 manticores
  2 slime creatures (D:13)
  A gargoyle (D:12)
  An unseen horror (D:11)
  Maggie (D:7)
  2 large abominations (Gauntlet)
  An efreet (D:14)
  2 kobold demonologists
  A tengu conjurer (D:13)
  3 trolls
  A troll (shapeshifter) (D:13)
  A hornet (D:6)
  Prince Ribbit (D:5)
  A wraith (D:8)
  6 flying skulls (Gauntlet)
  2 wyverns
  28 yaks
  A steam dragon (D:8)
  3 vampire mosquitoes (D:11)
  Edmund (D:4)
  3 swamp worms (Gauntlet)
  6 small abominations (Gauntlet)
  An acid dragon (D:11)
  2 water moccasins
  Duvessa (D:4)
  10 orc warriors
  2 sky beasts
  4 ice beasts
  An ogre (D:4)
  5 centaurs
  2 phantoms
  3 kobold brigands
  3 bullfrogs
  3 gnoll sergeants
  3 scorpions
  3 wights (D:6)
  Dowan (D:4)
  5 howler monkeys
  A jelly (D:8)
  A quasit (D:7)
  Crazy Yiuf (D:3)
  4 orc priests
  2 hounds
  5 sleepcaps
  Terence (D:2)
  6 orc wizards
  3 iguanas
  21 gnolls
  11 adders
  A white imp (D:5)
  3 worms
  A dart slug (D:2)
  32 orcs
  A ball python (D:3)
  3 bats
  4 giant cockroaches
  10 goblins
  9 hobgoblins
  8 jackals
  33 kobolds
  5 quokkas
  2 frilled lizards (D:1)
  2 rats
  A spectral goblin (D:1)
  A ballistomycete spore (Gauntlet)
317 creatures vanquished.

Vanquished Creatures (collateral kills)
  15 ballistomycete spores
15 creatures vanquished.

Vanquished Creatures (others)
  A deep elf pyromancer (D:11)
  4 ballistomycete spores
5 creatures vanquished.

Grand Total: 337 creatures vanquished

Notes
Turn   | Place    | Note
-------+----------+-------------------------------------------
     0 | D:1      | Bnni the Spriggan Hunter began the quest for the Orb.
     0 | D:1      | Reached XP level 1. HP: 10/10 MP: 2/2
   189 | D:1      | Found a faded altar of an unknown god.
   302 | D:1      | Reached XP level 2. HP: 15/15 MP: 3/3
   547 | D:1      | Found Unwi's Assorted Antiques.
   922 | D:1      | Reached XP level 3. HP: 14/18 MP: 4/4
   949 | D:2      | Noticed Terence
   960 | D:2      | Killed Terence
  1044 | D:2      | Reached XP level 4. HP: 23/23 MP: 5/5
  1098 | D:2      | Found a shimmering altar of Xom.
  1297 | D:2      | Reached skill level 5 in Ranged Weapons
  1581 | D:2      | Reached XP level 5. HP: 13/27 MP: 6/6
  1968 | D:3      | Noticed a phantom
  1984 | D:3      | Killed a phantom
  2115 | D:3      | Found Xuin's Antique Weapon Emporium.
  2276 | D:3      | Found a burning altar of Makhleb.
  2323 | D:3      | Found a hazy altar of Hepliaklqana.
  2377 | D:3      | Found a runed translucent door.
  2378 | D:3      | Noticed Crazy Yiuf
  2395 | D:3      | Killed Crazy Yiuf
  2396 | D:3      | Reached XP level 6. HP: 32/32 MP: 7/7
  2564 | D:3      | Found an ornate altar of the Wu Jian Council.
  2786 | D:4      | Reached skill level 6 in Ranged Weapons
  2889 | D:4      | Reached skill level 5 in Dodging
  3044 | D:4      | Noticed Duvessa
  3047 | D:4      | Noticed Dowan
  3251 | D:4      | Reached XP level 7. HP: 10/36 MP: 8/8
  3522 | D:4      | Found a stormy altar of Qazlal.
  3617 | D:4      | Killed Duvessa
  3618 | D:4      | Reached skill level 7 in Ranged Weapons
  3627 | D:4      | Killed Dowan
  3717 | D:4      | Found a glowing golden altar of the Shining One.
  3751 | D:4      | Found a shimmering blue altar of Sif Muna.
  3796 | D:5      | Entered Level 5 of the Dungeon
  3836 | D:5      | Found an opulent altar of Gozag.
  3836 | D:5      | Noticed Edmund
  4021 | D:4      | Killed Edmund
  4177 | D:5      | Found a staircase to the Ecumenical Temple.
  4183 | D:5      | Noticed Prince Ribbit
  4186 | Temple   | Entered the Ecumenical Temple
  4216 | D:5      | Killed Prince Ribbit
  4217 | D:5      | Reached XP level 8. HP: 31/42 MP: 9/9
  4236 | D:5      | Reached skill level 8 in Ranged Weapons
  4530 | D:5      | Found Bimuol's Assorted Antiques.
  4535 | D:5      | Bought a scroll labelled YCZEOWU LUPPO for 20 gold pieces
  4535 | D:5      | Bought a scroll of identify for 40 gold pieces
  4535 | D:5      | Bought a scroll of identify for 40 gold pieces
  4650 | D:1      | Bought a scroll labelled HEVVUZU YPUASI for 25 gold pieces
  4651 | D:1      | Bought a white potion for 22 gold pieces
  4724 | D:5      | Found a shadowy altar of Dithmenos.
  4725 | D:5      | Found a snail-covered altar of Cheibriados.
  5119 | D:5      | Found a sacrificial altar of Ru.
  5250 | D:6      | Noticed a cyclops
  5392 | D:6      | Noticed a hornet
  5401 | D:6      | Killed a hornet
  5402 | D:6      | Reached skill level 5 in Fighting
  5402 | D:6      | Reached skill level 9 in Ranged Weapons
  5468 | D:6      | Noticed a two-headed ogre
  5527 | D:6      | Killed a two-headed ogre
  5528 | D:6      | Reached XP level 9. HP: 39/47 MP: 10/10
  5934 | D:6      | Noticed a +0 dagger
  5934 | D:6      | Noticed a +0 hand axe
  5937 | D:6      | Found a hide-covered altar of Uskayaw.
  5989 | D:6      | Killed a cyclops
  5990 | D:6      | Reached skill level 10 in Ranged Weapons
  5994 | D:6      | Noticed a boulder beetle
  6251 | D:6      | Found a glowing silver altar of Zin.
  6251 | D:6      | Noticed an angel
  6386 | D:7      | Noticed Maggie
  6400 | D:7      | Killed Maggie
  6508 | D:7      | Reached skill level 11 in Ranged Weapons
  6659 | D:7      | Noticed a boulder beetle
  6698 | D:8      | Found a transporter.
  6707 | D:8      | Noticed a kobold demonologist
  6716 | D:8      | Found a transporter.
  6717 | D:8      | Noticed jotaen's ghost (novice MiFi)
  6729 | D:8      | Reached XP level 10. HP: 34/53 MP: 11/11
  6878 | D:8      | Reached skill level 10 in Dodging
  6887 | D:8      | Found a blossoming altar of Fedhas.
  6894 | D:8      | Became a worshipper of Fedhas Madash
  6898 | D:8      | Identified the +10 war axe "Ahism" {antimagic, rF+ rN+
                  | Str+5 Dex-5}
  6989 | D:8      | Found a transporter.
  7317 | D:8      | Found Deonk's Magic Scroll Shop.
  7326 | D:8      | Bought a scroll of identify for 30 gold pieces
  7326 | D:8      | Bought a scroll of identify for 30 gold pieces
  7326 | D:8      | Bought a scroll of identify for 30 gold pieces
  7343 | D:8      | Found a transporter.
  7440 | D:8      | Reached skill level 1 in Invocations
  7551 | D:8      | Noticed a rust devil
  7553 | D:8      | Noticed a rust devil
  7900 | D:8      | Killed jotaen's ghost
  8019 | D:8      | Reached * piety under Fedhas
  8023 | D:8      | Reached skill level 12 in Ranged Weapons
  8110 | D:9      | Found a flagged portal.
  8385 | Bailey   | Entered a bailey
  8502 | Bailey   | Identified the +10 plate armour "Paarch" {^Drain rF++
                  | Will+++ Int-2}
  8504 | Bailey   | Reached ** piety under Fedhas
  8553 | Bailey   | Found the +5 robe of Night {Dark Will+ SInv}
  8942 | D:9      | Found Vepeuwito's Weapon Shoppe.
  9049 | D:9      | Noticed an orange demon
  9052 | D:9      | Reached XP level 11. HP: 58/58 MP: 14/14
  9113 | D:9      | Found a sparkling altar of Nemelex Xobeh.
  9467 | D:10     | Entered Level 10 of the Dungeon
  9557 | D:10     | Reached *** piety under Fedhas
 10108 | D:10     | Found Iriheygo's Armour Boutique.
 10351 | D:11     | Noticed a deep elf pyromancer
 10351 | D:11     | Noticed a deep elf pyromancer
 10351 | D:11     | Noticed a deep elf pyromancer
 10351 | D:11     | Noticed a deep elf zephyrmancer
 10351 | D:11     | Noticed a deep elf pyromancer
 10351 | D:11     | Noticed a deep elf pyromancer
 10351 | D:11     | Noticed a deep elf pyromancer
 10351 | D:11     | Noticed a deep elf zephyrmancer
 10351 | D:11     | Noticed a deep elf pyromancer
 10521 | D:11     | Reached skill level 13 in Ranged Weapons
 10677 | D:11     | Killed a deep elf pyromancer
 10681 | D:11     | Killed a deep elf pyromancer
 10692 | D:11     | Killed a deep elf pyromancer
 10693 | D:11     | Reached skill level 5 in Invocations
 10748 | D:11     | Killed a deep elf pyromancer
 10766 | D:10     | Killed a deep elf zephyrmancer
 10857 | D:11     | Noticed a death yak
 10857 | D:11     | Noticed a death yak
 11036 | D:11     | Killed a death yak
 11048 | D:11     | Noticed a death yak
 11070 | D:11     | Killed a death yak
 11086 | D:11     | Killed a deep elf zephyrmancer
 11096 | D:11     | Killed a deep elf pyromancer
 11097 | D:11     | Reached XP level 12. HP: 48/64 MP: 14/17
 11098 | D:11     | Killed a death yak
 11292 | D:11     | Reached skill level 14 in Ranged Weapons
 11438 | D:11     | Found a staircase to the Lair.
 11723 | D:12     | Noticed a two-headed ogre
 11728 | D:12     | Killed a two-headed ogre
 11940 | D:12     | Found a staircase to the Orcish Mines.
 11996 | D:12     | Found a white marble altar of Elyvilon.
 12403 | D:12     | Identified the +2 hand axe of Disharmony {freeze, *Slow
                  | Str+6 Dex+3 Stlth+}
 12504 | D:13     | Noticed a centaur warrior
 12512 | D:13     | Killed a centaur warrior
 12683 | D:13     | Found a gate leading to a gauntlet.
 12697 | Gauntlet | Entered a Gauntlet
 12697 | Gauntlet | Found a transporter.
 12704 | Gauntlet | Found a transporter.
 12706 | Gauntlet | Found a transporter.
 12717 | Gauntlet | Found a transporter.
 12720 | Gauntlet | Found a transporter.
 12732 | Gauntlet | Found a transporter.
 12732 | Gauntlet | Noticed a great orb of eyes
 12746 | Gauntlet | Found a runed translucent gate.
 12747 | Gauntlet | Found a transporter.
 12747 | Gauntlet | Found a runed translucent gate.
 12748 | Gauntlet | Found a runed translucent gate.
 12758 | Gauntlet | Found a transporter.
 12771 | Gauntlet | Found a transporter.
 12784 | Gauntlet | Found a transporter.
 12787 | Gauntlet | Found a runed translucent door.
 12797 | Gauntlet | Found a transporter.
 12799 | Gauntlet | Found a transporter.
 12840 | Gauntlet | Found a transporter.
 12847 | Gauntlet | Noticed a catoblepas
 12854 | Gauntlet | Found a transporter.
 13196 | Gauntlet | Identified the amulet "Yntethyss" {RegenMP rN+ Str+2 Dex-5
                  | Stlth+}
 13209 | Gauntlet | Identified the ring "Usedai" {rPois MP+9 Dex+2}
 13389 | Gauntlet | Identified the ring "Caosk" {rN+ Str+2 Dex+6}
 13389 | Gauntlet | Noticed a minotaur
 13465 | Gauntlet | Killed a minotaur
 13466 | Gauntlet | Reached skill level 15 in Ranged Weapons
 13670 | D:13     | Noticed a tengu warrior
 13680 | D:13     | Killed a tengu warrior
 13704 | D:13     | Noticed a five-headed hydra
 13719 | D:13     | Killed a five-headed hydra
 13793 | D:13     | Reached XP level 13. HP: 70/70 MP: 15/19
 14372 | D:14     | HP: 2/70 [centaur warrior/arrow (17)]
 14373 | D:14     | Shot with an arrow by a centaur warrior

Illustrated notes

Levels and vault maps discovered:
D:1:      roderic_octagonal_star, layout_basic, serial_shops,
          nicolae_shop_back_alley_shop,
          dreamdust_ecumenical_altar_drowned_temple, st_stairs_2,
          grunt_decor_resistance
D:2:      layout_basic, basic_altar, uniq_terence
D:3:      layout_basic, lightli_temple_of_fire,
          nicolae_hepliaklqana_hazy_memory, nzn_wu_jian_contemplation,
          serial_shops, shop, uniq_crazy_yiuf_cottage
D:4:      layout_cave_pools, tso_oasis_becter, lemuel_round_altar,
          marbit_many_paths, minmay_hedge_maze, chequers_serial_rivers_large_b,
          uniq_duvessa
D:5:      layout_loops_ring, mainiacjoe_overflow_divided_tiny,
          nicolae_ru_path_of_blood, grunt_gozag_statues,
          minmay_temple_entry_arrows, serial_shops, nicolae_shop_behind_doors,
          nicolae_houndstooth_variations, uniq_edmund, uniq_prince_ribbit1
D:6:      layout_basic, dancing_weapons_uskayaw, zin_angel, kb_rosetta
D:7:      layout_loops_cross, serial_demonic, serial_demonic_e,
          serial_demonic_c, serial_demonic_d, serial_demonic_c, uniq_maggie
D:8:      layout_loops_ring, mainiacjoe_overflow_chevrons, serial_shops,
          nicolae_shop_tiny_statue_garden, nzn_ghost_randoct,
          nicolae_diode_stairs
D:9:      layout_cave_pools, nemelex_spade_bored_becter, enter_bailey_2,
          serial_shops, shop
D:10:     layout_loops_ring, serial_shops, nicolae_shop_crystal
D:11:     layout_small_grid, dpeg_lair_monsters, elves_outpost_lemuel
D:12:     layout_stronghold, orc_0_dummy, nicolae_elyvilon_peaceful_grove
D:13:     layout_roguey, gauntlet_entry_generic
D:14:     minmay_nested_s, layout_long_grid, grunt_vaults_entry_tiered,
          nrook_mini_backslash
Temple:   hellmonk_temple_beads

Skill      XL: |  1  2  3  4  5  6  7  8  9 10 11 12 13 |
---------------+----------------------------------------+-----
Dodging        | 3 4 5 6 8 9 11 12 13 14 | 14.0
Fighting       | 2 3 4 5 6 7 8 9 |  9.2
Ranged Weapons | 5 6 7 9 11 12 13 15 | 15.4
Invocations    | 3 5 7 |  7.7
Stealth        | |  1.5

Action                     |  1- 3 |  4- 6 |  7- 9 | 10-12 | 13-15 || total
---------------------------+-------+-------+-------+-------+-------++-------
  Melee: Dagger            |       |       |       |    12 |       ||    12
         Punch             |       |       |       |     1 |       ||     1
   Fire: Shortbow          |    57 |   209 |   193 |       |       ||   459
         Orcbow            |       |       |   107 |   800 |    62 ||   969
  Throw: Dart              |       |       |       |     1 |       ||     1
 Invoke: Grow Ballistomyce |       |       |       |     7 |       ||     7
    Use: Scroll            |       |       |    12 |     7 |       ||    19
         Potion            |       |       |     1 |     3 |     2 ||     6
 Armour: Robe              |     7 |    23 |    32 |   106 |    24 ||   192
  Dodge: Dodged            |    20 |    66 |    87 |   398 |    27 ||   598
  Block: Other             |       |     2 |    17 |    65 |       ||    84
         Reflection        |       |       |       |     6 |       ||     6

Table legend: (Time is in decaauts)
 A = Elapsed time spent in this place.
 B = Non-inter-level travel time spent in this place.
 C = Inter-level travel time spent in this place.
 D = Time resting spent in this place.
 E = Time spent auto-exploring this place.
 F = Levels seen in this place.
 G = Mean time per level.
                   A        B        C        D        E       F      G
               +--------+--------+--------+--------+--------+-----+--------+
         Total |  10588 |  10014 |    574 |   1899 |   5487 |  17 |  622.8 |
       Dungeon |   9464 |   8890 |    574 |   1347 |   5335 |  14 |  676.0 |
        Temple |      1 |      1 |      0 |      0 |      0 |   1 |    1.0 |
        Bailey |    401 |    401 |      0 |    171 |     22 |   1 |  401.0 |
      Gauntlet |    720 |    720 |      0 |    381 |    129 |   1 |  720.0 |
               +--------+--------+--------+--------+--------+-----+--------+

Top non-repeatable levels by time:
     D:8: 1249 daAuts
     D:5: 960 daAuts
    D:10: 919 daAuts
     D:4: 912 daAuts
     D:2: 730 daAuts
Gauntlet: 720 daAuts
    D:11: 705 daAuts
     D:6: 700 daAuts
    D:13: 682 daAuts
     D:1: 633 daAuts
     D:3: 597 daAuts
    D:12: 551 daAuts
     D:9: 425 daAuts
  Bailey: 401 daAuts
     D:7: 271 daAuts
